 Dungeon Sprint DCSS version 0.18.1-47-g9310371 (webtiles) character file.

16052 rftp080 the Stickfighter (level 12, -27/86 HPs)
             Began as a Gargoyle Gladiator on June 20, 2016.
             Was the Champion of Makhleb.
             Killed by Lee's Rapid Deconstruction
             ... invoked by a deep troll earth mage
              (33 damage)
             ... in the Dungeon (Sprint IX: "|||||||||||||||||||||||||||||").
             The game lasted 00:09:09 (1613 turns).

rftp080 the Stickfighter (Gargoyle Gladiator)       Turns: 1613, Time: 00:09:09

Health: -27/86     AC: -5    Str: 21    XL:     12   Next: 33%
Magic:  12/12      EV: 15    Int:  8    God:    Makhleb [******]
Gold:   1158       SH:  0    Dex: 14    Spells: 0 memorised, 11 levels left

rFire  + + .     SeeInvis .     r - +5 lajatang
rCold  . . .     Gourm    .     P - +1 fire dragon armour
rNeg   + . .     Faith    .     (shield currently unavailable)
rPois  ∞         Spirit   .     c - +0 helmet
rElec  +         Dismiss  .     t - +0 cloak
rCorr  .         Reflect  .     F - +0 pair of gloves
SustAt .         Harm     .     O - +1 pair of boots
MR     .....     NoTele   +     (no amulet)
Stlth  ..........               I - ring of protection from cold
                                v - +2 ring of protection

@: corroded, very slightly contaminated, slowed, very slow, not resistant to
hostile enchantments, extremely unstealthy
A: negative energy resistance 1, electricity resistance, unbreathing,
petrification resistance, rot immunity, AC +8
a: Minor Destruction, Lesser Servant of Makhleb, Major Destruction, Greater
Servant of Makhleb, Renounce Religion


You were in the Dungeon.
You worshipped Makhleb.
Makhleb was exalted by your worship.
You were hungry.

You visited 1 branch You collected 1922 gold pieces.
You spent 764 gold pieces at shops.

Inventory:

Hand Weapons
 a - a +0 quarterstaff
 q - a +2 dire flail of protection
 r - a +5 lajatang (weapon)
 H - a +4 quarterstaff
 M - a +0 triple sword
 N - a +1 demon blade
Missiles
 d - 3 throwing nets (quivered)
Armour
 b - a +0 leather armour
 c - a +0 helmet (worn)
 s - a +0 pair of boots
 t - a +0 cloak (worn)
 u - a +0 plate armour
 A - a +1 hat
 F - a +0 pair of gloves (worn)
 O - a +1 pair of boots (worn)
 P - a +1 fire dragon armour (worn)
Magical Staves
 p - an uncursed staff of energy
Jewellery
 v - a +2 ring of protection (left hand)
 w - a +2 ring of evasion
 I - a ring of protection from cold (right hand)
 J - an uncursed ring of ice
 K - an uncursed ring of protection from magic
 L - an uncursed ring of protection from cold
Wands
 o - a wand of acid (7/15)
Scrolls
 k - 4 scrolls of blinking
 m - 6 scrolls of remove curse
 n - 2 scrolls of amnesia
 y - 6 scrolls of recharging
 B - 4 scrolls of fear
Potions
 e - a potion of cure mutation
 g - 6 potions of heal wounds
 h - a potion of haste
 i - 4 potions of magic
 j - a potion of berserk rage
 l - 5 potions of curing
 x - 2 potions of agility
 z - a potion of flight
Comestibles
 f - 13 bread rations
 C - a beef jerky
 D - 48 fruits
 E - 12 meat rations


   Skills:
 + Level 14.8 Fighting
 * Level 18.6 Staves
 - Level 1.7 Throwing
 * Level 17.6 Armour
 + Level 9.0 Dodging


You had 11 spell levels left.
You didn't know any spells.

Dungeon Overview and Level Annotations

Branches:
Dungeon (1/1)

Altars:
Cheibriados
Dithmenos
Elyvilon
Fedhas
Gozag
Kikubaaqudgha
Makhleb
Nemelex Xobeh
Okawaru
Pakellas
Qazlal
Ru
Sif Muna
Trog
Vehumet
Xom
Yredelemnul
Zin
The Shining One
Beogh
Jiyva
Lugonu

Shops:
D ??[(


Innate Abilities, Weirdness & Mutations

You are resistant to torment.
Your stone body is resilient (AC +8).
You are immune to poison.
You resist negative energy.
You are resistant to electric shocks.
You can survive without breathing.
You are immune to petrification.
You are immune to rotting.


Message History

Drink which item? (? for menu, Esc to quit)
You feel much better.
The deep troll earth mage barely misses you.
The deep troll earth mage claws you!!
The deep troll earth mage misses you. x2
The deep troll earth mage closely misses you.
The deep troll earth mage claws you.
Read which item? (? for menu, Esc to quit)
Blink to where?
Press: ? - help, Dir - move target cursor You are very lightly contaminated with residual magic.
As you read the scroll of blinking, it crumbles to dust.
The deep troll earth mage points at you and mumbles some strange words.
You shatter!
The deep troll earth mage points at you and mumbles some strange words.
You shatter!
* * * LOW HITPOINT WARNING * * *
Unknown command.
The deep troll earth mage casts a spell at you.
You shatter!
You die...

....†.........†††...†...'†.......
▓▓▓▓▓▓▓▓▓▓▓▓▓▓▓▓▓▓▓▓▓▓▓▓▓▓▓▓▓▓▓▓▓
.................................
▓▓▓▓▓▓▓▓▓▓▓▓▓▓▓▓▓▓▓▓▓▓▓▓▓▓▓▓▓▓▓▓▓
).)).....(')))......)).).....∩)∩.
▓▓▓▓▓▓▓▓▓▓▓▓▓▓▓▓▓▓▓▓▓▓▓▓▓▓▓▓▓▓▓▓▓
.................................
▓▓▓▓▓▓▓▓▓▓▓▓▓▓▓▓▓▓▓▓▓▓▓▓▓▓▓▓▓▓▓▓▓
)))).).[.[[.[[[.@......T.††g)§[gp
▓▓▓▓▓▓▓▓▓▓▓▓▓▓▓▓▓▓▓▓▓▓▓▓▓▓▓▓▓▓▓▓▓


You could see a deep troll earth mage.

Vanquished Creatures
  Gastronok (D)
  An orc high priest (D)
  A vampire mage (D)
  A death yak (D)
  6 orc knights (D)
  A hill giant (D)
  An ugly thing (D)
  9 orc sorcerers (D)
  2 wolf spiders (D)
  A spiny frog (D)
  Maurice (D)
  A black mamba (D)
  Joseph (D)
  A yak (D)
  A shadow (D)
  2 basilisks (D)
  A hippogriff (D)
  2 wargs (D)
  A mottled dragon (D)
  A hell hound (D)
  A water moccasin (D)
  2 porcupines (D)
  An ice beast (D)
  8 orc warriors (D)
  A black bear (D)
  5 wolves (D)
  A necrophage (D)
  A centaur (D)
  4 crocodiles (D)
  3 giant frogs (D)
  3 crimson imps (D)
  An iguana (D)
  6 orc wizards (D)
  A worker ant (D)
  3 river rats (D)
  A dart slug (D)
  3 giant geckos (D)
  9 orcs (D)
  A ball python (D)
  A bat skeleton (D)
  A goblin (D)
  A giant cockroach zombie (D)
  A giant newt (D)
  A kobold (D)
96 creatures vanquished.

Vanquished Creatures (others)
  A spatial maelstrom (D)
  A hungry ghost (D)
  An orc wizard (D)
3 creatures vanquished.

Grand Total: 99 creatures vanquished

Notes
Turn   | Place    | Note
--------------------------------------------------------------
     0 | D        | rftp080 the Gargoyle Gladiator began the quest for the Orb.
     0 | D        | Reached XP level 1. HP: 12/12 MP: 1/1
    11 | D        | Reached skill level 1 in Armour
    21 | D        | Reached skill level 4 in Staves
    21 | D        | Reached XP level 2. HP: 8/18 MP: 2/2
    38 | D        | Banished a spatial maelstrom
   218 | D        | Noticed a crimson imp
   218 | D        | Noticed a crimson imp
   247 | D        | Reached skill level 5 in Staves
   247 | D        | Reached XP level 3. HP: 16/24 MP: 3/3
   273 | D        | Reached skill level 6 in Staves
   273 | D        | Reached XP level 4. HP: 16/30 MP: 4/4
   301 | D        | Reached skill level 5 in Fighting
   301 | D        | Reached skill level 7 in Staves
   312 | D        | Found a glowing silver altar of Zin.
   312 | D        | Found a glowing golden altar of the Shining One.
   312 | D        | Found an ancient bone altar of Kikubaaqudgha.
   312 | D        | Found a basalt altar of Yredelemnul.
   312 | D        | Found a shimmering altar of Xom.
   312 | D        | Found a radiant altar of Vehumet.
   313 | D        | Found an iron altar of Okawaru.
   314 | D        | Found a burning altar of Makhleb.
   315 | D        | Found a deep blue altar of Sif Muna.
   316 | D        | Found a bloodstained altar of Trog.
   317 | D        | Found a sparkling altar of Nemelex Xobeh.
   318 | D        | Found a white marble altar of Elyvilon.
   319 | D        | Found a roughly hewn altar of Beogh.
   320 | D        | Found a viscous altar of Jiyva.
   321 | D        | Found a corrupted altar of Lugonu.
   322 | D        | Became a worshipper of Makhleb the Destroyer
   323 | D        | Found a blossoming altar of Fedhas.
   324 | D        | Found a snail-covered altar of Cheibriados.
   325 | D        | Found a shadowy altar of Dithmenos.
   326 | D        | Found a stormy altar of Qazlal.
   327 | D        | Found an opulent altar of Gozag.
   328 | D        | Found a sacrificial altar of Ru.
   329 | D        | Found an oddly glowing altar of Pakellas.
   445 | D        | Noticed a hungry ghost
   445 | D        | Noticed a centaur
   445 | D        | Noticed an ice beast
   447 | D        | Reached skill level 5 in Armour
   447 | D        | Reached XP level 5. HP: 35/35 MP: 5/5
   448 | D        | Killed a hungry ghost
   455 | D        | Killed a centaur
   455 | D        | Reached * piety under Makhleb
   455 | D        | Reached skill level 8 in Staves
   462 | D        | Killed an ice beast
   462 | D        | Reached ** piety under Makhleb
   462 | D        | Reached skill level 9 in Staves
   462 | D        | Reached XP level 6. HP: 44/44 MP: 6/6
   467 | D        | Noticed a necrophage
   467 | D        | Noticed a yak
   478 | D        | Killed a necrophage
   478 | D        | Reached *** piety under Makhleb
   478 | D        | Reached skill level 10 in Staves
   482 | D        | Reached XP level 7. HP: 49/49 MP: 7/7
   497 | D        | Killed a yak
   497 | D        | Reached skill level 11 in Staves
   613 | D        | Noticed a hippogriff
   622 | D        | Reached **** piety under Makhleb
   627 | D        | Noticed a spiny frog
   635 | D        | Reached skill level 12 in Staves
   646 | D        | Killed a hippogriff
   646 | D        | Reached ***** piety under Makhleb
   646 | D        | Reached XP level 8. HP: 56/57 MP: 8/8
   655 | D        | Reached skill level 10 in Fighting
   662 | D        | Killed a spiny frog
   662 | D        | Reached skill level 13 in Staves
   662 | D        | Reached skill level 10 in Armour
   674 | D        | Noticed a black mamba
   690 | D        | Killed a black mamba
   690 | D        | Reached skill level 14 in Staves
   690 | D        | Reached XP level 9. HP: 45/64 MP: 9/9
   693 | D        | Reached ****** piety under Makhleb
   714 | D        | Noticed a death yak
   728 | D        | Killed a death yak
   770 | D        | Reached skill level 15 in Staves
   770 | D        | Reached XP level 10. HP: 49/71 MP: 10/10
   832 | D        | Noticed Maurice
   846 | D        | Killed Maurice
   915 | D        | Noticed an orc knight
   960 | D        | Killed an orc knight
   960 | D        | Reached skill level 5 in Dodging
   974 | D        | Noticed an orc knight
   989 | D        | Killed an orc knight
  1004 | D        | Noticed an orc knight
  1004 | D        | Noticed an orc sorcerer
  1004 | D        | Noticed an orc high priest
  1004 | D        | Noticed an orc knight
  1005 | D        | Noticed an orc knight
  1018 | D        | Killed an orc knight
  1018 | D        | Reached skill level 16 in Staves
  1025 | D        | Killed an orc sorcerer
  1038 | D        | Killed an orc high priest
  1042 | D        | Noticed an orc knight
  1053 | D        | Killed an orc knight
  1053 | D        | Reached XP level 11. HP: 78/78 MP: 11/11
  1068 | D        | Killed an orc knight
  1074 | D        | Killed an orc knight
  1074 | D        | Reached skill level 15 in Armour
  1180 | D        | Found Optoum's Magic Scroll Emporium.
  1180 | D        | Noticed an orc sorcerer
  1180 | D        | Noticed an orc sorcerer
  1180 | D        | Noticed an orc sorcerer
  1185 | D        | Noticed an orc sorcerer
  1187 | D        | Killed an orc sorcerer
  1187 | D        | Reached skill level 17 in Staves
  1192 | D        | Killed an orc sorcerer
  1215 | D        | Killed an orc sorcerer
  1225 | D        | Killed an orc sorcerer
  1245 | D        | Found Oxiattig's Magic Scroll Shoppe.
  1249 | D        | Found Faxketen's Armour Emporium.
  1251 | D        | Noticed an orc sorcerer
  1252 | D        | Found Kaphoo Ewna's Antique Weapon Shoppe.
  1253 | D        | Noticed an orc sorcerer
  1257 | D        | Noticed an orc sorcerer
  1259 | D        | Killed an orc sorcerer
  1262 | D        | Killed an orc sorcerer
  1271 | D        | Killed an orc sorcerer
  1273 | D        | Bought a scroll of blinking for 82 gold pieces
  1273 | D        | Bought a scroll of enchant weapon for 82 gold pieces
  1273 | D        | Bought a scroll of blinking for 82 gold pieces
  1273 | D        | Bought a scroll of recharging for 104 gold pieces
  1277 | D        | Noticed an orc sorcerer
  1287 | D        | Killed an orc sorcerer
  1302 | D        | Bought a scroll of fear for 42 gold pieces
  1302 | D        | Bought a scroll of recharging for 114 gold pieces
  1302 | D        | Bought a scroll of blinking for 90 gold pieces
  1302 | D        | Bought a scroll of recharging for 114 gold pieces
  1304 | D        | Bought a +0 pair of gloves for 54 gold pieces
  1328 | D        | Noticed Joseph
  1339 | D        | Killed Joseph
  1357 | D        | Noticed Gastronok
  1373 | D        | Killed Gastronok
  1373 | D        | Reached skill level 18 in Staves
  1373 | D        | Reached XP level 12. HP: 69/86 MP: 12/12
  1542 | D        | Noticed a vampire mage
  1546 | D        | Noticed a deep troll earth mage
  1569 | D        | Noticed an entropy weaver
  1601 | D        | Killed a vampire mage
  1613 | D        | Killed from afar by a deep troll earth mage

Skill      XL: |  1  2  3  4  5  6  7  8  9 10 11 12 |
---------------+-------------------------------------+-----
Armour         | 1 3 4 5 6 7 9 10 12 14 16 17 | 17.6
Staves         | 4 5 6 7 9 10 12 14 15 16 18 | 18.6
Fighting       | 3 4 5 7 8 9 11 13 14 | 14.8
Dodging        | 4 6 8 9 |  9.0
Throwing       | |  1.7

Action                   |  1- 3 |  4- 6 |  7- 9 | 10-12 || total
-------------------------+-------+-------+-------+-------++-------
Melee: Quarterstaff      |    73 |    21 |       |       ||    94
       Lajatang          |       |    27 |   150 |   361 ||   538
  Use: Potion            |     1 |     1 |     1 |     5 ||     8
       Scroll            |       |       |       |     6 ||     6
 Stab: Invisible         |       |     4 |       |       ||     4
  Eat: Chunk             |       |       |       |     3 ||     3
Armor: Leather armour    |    38 |    10 |       |       ||    48
       Plate armour      |       |    13 |    83 |   113 ||   209
       Fire dragon armou |       |       |       |    38 ||    38
Dodge: Dodged            |    53 |    19 |    29 |   103 ||   204
